 Dungeon Crawl Stone Soup version 0.19.1 (webtiles) character file.

755 Charlie the Covert (level 7, -1/51 HPs)
             Began as a Vine Stalker Assassin on Dec 14, 2016.
             Succumbed to ObaWulf's ghost's sting
             ... on level 5 of the Dungeon.
             The game lasted 00:13:00 (3899 turns).

Charlie the Covert (Vine Stalker Assassin)          Turns: 3899, Time: 00:13:01

Health: -1/51      AC: 23    Str: 18    XL:     7   Next: 79%
Magic:  2/8        EV:  2    Int: 13    God:
Gold:   176        SH:  0    Dex: 15    Spells: 0 memorised, 6 levels left

rFire  . . .     SeeInvis .     J - +1 long sword (holy)
rCold  . . .     Gourm    .     (armour currently unavailable)
rNeg   + + +     Faith    .     (no shield)
rPois  +         Spirit   +     (helmet currently unavailable)
rElec  .         Reflect  .     (cloak currently unavailable)
rCorr  .         Harm     .     (gloves currently unavailable)
MR     .....     NoTele   +     (boots currently unavailable)
Stlth  ++++......               (no amulet)
                                s - ring of positive energy
                                q - +4 ring of strength

@: lethally poisoned (-1 -> -8), tree-form
A: (fangs 0), regeneration 1, magic shield, (antimagic bite), no device heal 3,
rot immunity
a: no special abilities


You were on level 5 of the Dungeon.
You were not hungry.
You were a tree.
You visited 1 branch of the dungeon, and saw 5 of its levels.

You collected 176 gold pieces.

Inventory:

Hand Weapons
 a - a +2 dagger
 b - a +0 blowgun
 o - a +0 dagger of venom
 r - a +0 rapier
 B - a +0 hunting sling
 J - a +1 long sword of holy wrath (weapon)
Missiles
 e - 8 poisoned needles
 f - 2 curare-tipped needles
 i - 5 poisoned tomahawks
 C - 52 stones
 L - 2 tomahawks of returning (quivered)
Armour
 c - a +0 robe (melded)
 l - a +2 cloak (melded)
 p - a +1 pair of gloves (melded)
 I - a +0 helmet (melded)
Jewellery
 q - a +4 ring of strength (left branch)
 s - a ring of positive energy (right branch)
 x - an uncursed ring of ice
Wands
 t - a wand of digging (24/24)
Scrolls
 h - 3 scrolls of remove curse
 j - 2 scrolls of identify
Potions
 d - a potion of agility
 k - a potion of mutation {!q}
 m - a potion of ambrosia {unknown}
 n - a potion of flight
 A - a potion of brilliance
 E - a potion of curing
Books
 u - a book of Changes

   Spells                             Type                      Level
   a - Beastly Appendage              Transmutation                1
   b - Sticks to Snakes               Transmutation                2
   c - Spider Form                    Transmutation/Poison         3
   d - Ice Form                       Ice/Transmutation            4
   e - Blade Hands                    Transmutation                5
Comestibles
 g - 6 bread rations
 v - a beef jerky
 w - 3 chunks of flesh
 D - 4 meat rations


   Skills:
 - Level 1.7 Fighting
 - Level 5.0(5.5) Short Blades
 + Level 3.4(4.7) Long Blades
 - Level 1.7 Throwing
 - Level 0.7 Dodging
 - Level 8.3 Stealth


You had 6 spell levels left.
You didn't know any spells.

Dungeon Overview and Level Annotations

Branches:
Dungeon (5/15)
 Temple: D:4-7

Altars:
Gozag
Nemelex Xobeh
Qazlal
The Shining One

Annotations:
D:5 ObaWulf's ghost, novice NaVM


Innate Abilities, Weirdness & Mutations

((You have extremely sharp teeth.))
Your natural rate of healing is unusually fast.
When hurt, damage is shared between your health and your magic reserves.
((Your bite disrupts and absorbs the magic of your enemies.))
Potions and wands cannot restore your health.
You are immune to rotting.


Message History

ObaWulf's ghost hits ye.
* * * LOW HITPOINT WARNIN'
* * * Ye turn inta a tree.
Yer +2 cloak melds inta yer body.
Yer +0 helmet melds inta yer body.
Yer +1 pair o' gloves melds inta yer body.
Yer +0 robe melds inta yer body.
Yer roots penetrate tha ground.
* * * LOW HITPOINT WARNIN'
* * * Ye feel sick.
ObaWulf's ghost gestures at ye while chantin'.
Tha ball 'splodes inta a vile cloud!
Tha stinkin' cloud 'ngulfs ye!
Tha stinkin' cloud 'ngulfs ObaWulf's ghost.
ObaWulf's ghost appears unharmed.
Ye hit ObaWulf's ghost but do nay damage.
ObaWulf's ghost be severely damaged.
* * * LOW HITPOINT WARNIN'
* * * Ye feel sick.
ObaWulf's ghost hits ye but does nay damage.
Ye hit ObaWulf's ghost but do nay damage.
ObaWulf's ghost be severely damaged.
Ye die...

#############
#........§♣§#
#.#########W#
#.#########.#
#.#.........#
#######.#.........#
........#.........#
......###.........#
#####.#............#
#...#.#.#########(.#


You could see ObaWulf's ghost.

Vanquished Creatures
  Purgy (D:4)
  A sky beast (D:5)
  Blork the orc (D:4)
  A howler monkey (D:4)
  2 bullfrog zombies
  2 hounds
  2 orc wizards (D:5)
  3 worker ants (D:4)
  Robin (D:4)
  A worker ant zombie (D:5)
  A gnoll (D:1)
  6 adders
  2 oozes
  3 dart slugs
  A leopard gecko (D:1)
  10 orcs
  2 ball pythons
  5 giant cockroaches
  15 goblins
  8 hobgoblins
  7 jackals
  2 quokkas (D:2)
  8 bats
  5 frilled lizards
  14 kobolds
  6 rats
110 creatures vanquished.

Notes
Turn   | Place    | Note
-------+----------+-------------------------------------------
     0 | D:1      | Charlie the Vine Stalker Assassin began the quest for the Orb.
     0 | D:1      | Reached XP level 1. HP: 11/11 MP: 2/2
    36 | D:1      | Reached XP level 2. HP: 13/15 MP: 3/3
   478 | D:1      | Reached XP level 3. HP: 18/18 MP: 4/4
  1082 | D:2      | Gained mutation: Your natural rate of healing is unusually fast. [Vine Stalker growth]
  1082 | D:2      | Reached XP level 4. HP: 22/23 MP: 3/5
  1252 | D:2      | Found an opulent altar of Gozag.
  1588 | D:3      | Found a stormy altar of Qazlal.
  1733 | D:3      | Found a glowing golden altar of the Shining One.
  1896 | D:3      | Reached XP level 5. HP: 25/26 MP: 6/6
  2055 | D:3      | Reached skill level 5 in Short Blades
  2084 | D:3      | Reached skill level 5 in Stealth
  2466 | D:4      | Noticed Purgy
  2497 | D:4      | Killed Purgy
  2497 | D:4      | Reached skill level 6 in Stealth
  2497 | D:4      | Reached XP level 6. HP: 30/30 MP: 7/7
  2519 | D:4      | Noticed Blork the orc
  2690 | D:4      | Reached skill level 7 in Stealth
  2771 | D:4      | Found a sparkling altar of Nemelex Xobeh.
  2843 | D:4      | Noticed Robin
  2908 | D:4      | Killed Robin
  2953 | D:4      | Killed Blork the orc
  2953 | D:4      | Reached skill level 8 in Stealth
  2953 | D:4      | Reached XP level 7. HP: 29/34 MP: 8/8
  3463 | D:5      | Entered Level 5 of the Dungeon
  3484 | D:5      | Reached skill level 1 in Long Blades
  3871 | D:5      | Noticed ObaWulf's ghost (novice NaVM)
  3897 | D:5      | HP: 2/51 [poisoned by ObaWulf's ghost (sting)]
  3899 | D:5      | Succumbed to ObaWulf's ghost's sting

Skill      XL: |  1  2  3  4  5  6  7 |
---------------+----------------------+-----
Short Blades   | 2 3 4 5 |  5.0
Stealth        | 6 8 |  8.3
Long Blades    | 3 |  3.4
Fighting       | |  1.7
Throwing       | |  1.7
Dodging        | |  0.7

Action                   |  1- 3 |  4- 6 |  7- 9 || total
-------------------------+-------+-------+-------++-------
Melee: Dagger            |    97 |    68 |     3 ||   168
       Bite              |    26 |    30 |    17 ||    73
       Rapier            |       |    95 |       ||    95
       Long sword        |       |       |    69 ||    69
Throw: Tomahawk          |       |     4 |     5 ||     9
  Use: Scroll            |       |       |    14 ||    14
       Potion            |       |       |     2 ||     2
 Stab: Sleeping          |     8 |    15 |     1 ||    24
       Distracted        |       |     1 |       ||     1
  Eat: Chunk             |     1 |     6 |     3 ||    10
Armor: Robe              |    36 |    47 |    33 ||   116
       Skin              |       |       |     1 ||     1
Dodge: Dodged            |    56 |    74 |    52 ||   182
       Rpst.: Long sword |       |       |    15 ||    15
